[Event "Early-Titled-Tuesday-Blitz-January-16-2024"]
[Site "Chess.com"]
[Date "2024.01.16"]
[Round "5"]
[White "KanalSzachowy"]
[Black "Mistango"]
[Result "1/2-1/2"]
[WhiteElo "2344"]
[BlackElo "2482"]
[TimeControl "180+1"]
[EndTime "8:59:39 PST"]
[Termination "Game drawn by repetition"]

1. e4 e5 2. Nf3 Nc6 3. Bc4 d6 4. h3 Be6 5. Bxe6 fxe6 6. d4 exd4 7. Nxd4 Nxd4 8. Qxd4 e5 9. Qd3 Qd7 10. Nc3 Be7 11.
Be3 Nf6 12. O-O O-O 13. Rad1 Rf7 14. Qc4 Rf8 15. Qb3 b6 16. f4 exf4 17. e5 fxe3 18. e6 Qc6 19. exf7+ Rxf7 20. Qe6 Qc5 21. Rf5 d5 22.
Rdxd5 e2+ 23. Rxc5 Bxc5+ 24. Kh2 Bd6+ 25. Kh1 Kf8 26.
Nxe2 Re7 27. Qc8+ Kf7 28. Ng1 Re1 29. Qa6 Ke6 30. Rf1 Re5 31. Nf3 Re3 32. Qc4+ Kd7 33. Qf7+ Re7 34. Qb3 Ne4 35. Qa4+ Kc8 36. Qa6+ Kd8 37.
Qd3 Ng3+ 38. Kg1 Nxf1 39. Kxf1 g6 40. Ng5 Kc8 41. Ne4 Be5 42. Qa6+ Kd7 43. Qd3+ Ke6 44. Qc4+ Kf5 45. g4+ Kf4 46. Nf2+ Kg5 47. Qb5 c5 48. Qd3 Kh6 49. Qd2+ Kg7 50. Ne4 Bd4 51. Nf2 Rf7 52.
Qd3 Rxf2+ 53. Ke1 Rf7 54. c3 Re7+ 55. Kd2 Bf6 56. Qd6 Re8 57. Qd7+ Re7 58. Qd6 Re8 59. Qd7+ Re7 60. Qd6 1/2-1/2

[Event "Early-Titled-Tuesday-Blitz-January-16-2024"]
[Site "Chess.com"]
[Date "2024.01.16"]
[Round "5"]
[White "klimkoj"]
[Black "MITerryble"]
[Result "0-1"]
[WhiteElo "2869"]
[BlackElo "3031"]
[TimeControl "180+1"]
[EndTime "8:59:40 PST"]
[Termination "MITerryble won by resignation"]

1. b3 d5 2. Bb2 Bg4 3. Nf3 c6 4.
g3 Nd7 5. Bg2 Ngf6 6. O-O Qc7 7.
c4 dxc4 8. bxc4 e5 9. d3 Bd6 10. Nbd2 O-O 11. Rc1 Rfe8 12. h3 Bh5 13. g4 Bg6 14.
Nh4 Nc5 15. Nxg6 hxg6 16. Qc2 Rad8 17. Rfd1 Bf8 18. Nf1 Rd7 19. e3 Red8 20. d4 exd4 21. Rxd4 Ne6 22. Rxd7 Qxd7 23. Ng3 Be7 24. Bc3 Ne8 25.
Ne4 Ng5 26. Nxg5 Bxg5 27. Bf3 Bf6 28. Rd1 Qc7 29. Rxd8 Qxd8 30. Bb4 Nc7 31. Ba5 Qd7 32. Qd2 Qe7 33. Bb4 Qe6 34. Qd6 Qc8 35. Bc5 a6 36.
Bd4 Ne6 37. Bxf6 gxf6 38. Kg2 Qf8 39. Qd7 Nc5 40. Qd4 Qe7 41. h4 Ne6 42. Qe4 Qc5 43. h5 Ng5 44. Qe8+ Kg7 45. hxg6 fxg6 46. Qd7+ Kh6 47.
Qxb7 Nxf3 48. Kxf3 Qxc4 49. Qe7 Kg5 50. Kg2 Qxg4+ 51.
Kf1 Qd1+ 52. Kg2 Qd5+ 53. e4 Qe5 54. Qb4 c5 55. Qc4 Kh4 56. f3 Qb2+ 57. Kf1 Kg3 58. Qe2 Qc1+ 59. Qe1+ Qxe1+ 60. Kxe1 Kxf3 0-1

[Event "Early-Titled-Tuesday-Blitz-January-16-2024"]
[Site "Chess.com"]
[Date "2024.01.16"]
[Round "5"]
[White "A-Fier"]
[Black "Caroexpert"]
[Result "0-1"]
[WhiteElo "2791"]
[BlackElo "2571"]
[TimeControl "180+1"]
[EndTime "8:59:42 PST"]
[Termination "Caroexpert won by resignation"]

1. e4 c6 2. Nc3 d5 3. g4 Nf6 4. e5 Nxg4 5. d4 c5 6. f4 Bf5 7. Nf3 e6 8. h3 Nh6 9. Be3 Be4 10.
Nxe4 dxe4 11. Ng5 Nf5 12. Bg1 cxd4 13. Nxe4 Qh4+ 14. Bf2 Qxf4 15. Qg4 Qxe5 16. O-O-O Nc6 17. Bg2 Rc8 18. Rhe1 Qa5 19. a3 Bxa3 20. bxa3 Qxa3+ 21. Kd2 Ne5 22. Qf4 Qb4+ 23. Ke2 Qb5+ 24. Kd2 Nc4+ 25. Ke2 Nce3+ 26. Kf3 Nxd1 27. Rxd1 Rxc2 28. Bf1 Qb3+ 29.
Rd3 Qc4 30. Ra3 Qxf1 31. Qb8+ Ke7 32. Qxb7+ Kd8 33. Qb8+ Rc8 34. Qxa7 Nh4+ 35. Kg4 Qe2+ 36. Kf4 Ng2+ 37. Kg3 Qxe4 38. Bxd4 Qf4+ 39. Kxg2 Qe4+ 40. Kg3 Qg6+ 41. Kf3 Qf5+ 42. Kg3 Qg6+ 43. Kf3 Qh5+ 44. Kg3 Qd5 45. Bb6+ Ke8 46. Rf3 f6 47. Qa6 Qd6+ 48.
Kg4 Kf7 49. Qb7+ Kg6 50. Kh4 Rc4+ 51. Rf4 Rxf4+ 52. Kg3 Rb4+ 53. Kg2 Qd2+ 54. Kg3 Qd3+ 55. Kg2 Rb2+ 56. Bf2 Rxb7 0-1

[Event "Early-Titled-Tuesday-Blitz-January-16-2024"]
[Site "Chess.com"]
[Date "2024.01.16"]
[Round "5"]
[White "adotand"]
[Black "CFN_Good_Evening"]
[Result "1-0"]
[WhiteElo "2869"]
[BlackElo "1880"]
[TimeControl "180+1"]
[EndTime "8:59:46 PST"]
[Termination "adotand won on time"]

1. b3 Nf6 2. Bb2 g6 3. e3 Bg7 4.
Nf3 O-O 5. Be2 d6 6. d4 Nc6 7. c4 a6 8. Nbd2 Nd7 9. O-O e6 10. a3 e5 11. b4 f5 12. Qb3 Kh8 13. c5 e4 14. Ne1 dxc5 15. dxc5 Nce5 16. Nc4 Qe7 17. Nc2 Nxc4 18. Bxc4 Ne5 19. Be2 Be6 20. Qa4 Bd7 21. Qa5 Be8 22. b5 Bxb5 23. Bxb5 axb5 24. Qxb5 c6 25. Qb3 Ra5 26. Nd4 Nd3 27. Bc3 Ra7 28.
Ne6 Bxc3 29. Qxc3+ Rf6 30. Nf4 Nxc5 31. Rfd1 Kg8 32. Rab1 Ne6 33. Qe5 b5 34. Nxe6 Rxe6 35. Qb8+ Kg7 36. h3 Rd7 37. Rbc1 Red6 38. Re1 Rd3 39. Rxc6 Rxa3 40. Qxb5 Rad3 41. Qb2+ Kh6 42. Rcc1 Rd2 43. Qb8 Qh4 44. Rf1 f4 45. exf4 Rf7 46. g3 Qxh3 47. Qe5 Qf5 48. Rc5 Qxe5 49. Rxe5 Rd4 50.
Re1 Rfd7 51. Kg2 Kg7 52. g4 Kf6 53. Re3 R7d5 54. Re8 Kf7 55. R8xe4 Rxe4 56. Rxe4 h5 57. f3 Kf6 58. g5+ Kf7 59. Kg3 Ra5 60. Rc4 Rb5 61. Rc7+ Kg8 62. Re7 Kf8 63. Rd7 Kg8 64. Kf2 Rb3 65.
f5 gxf5 66. Kg3 Rb4 67. f4 h4+ 68. Kxh4 Rxf4+ 69. Kh5 Rg4 70. Kg6 Kf8 71. Rf7+ Kg8 72. Ra7 Rd4 73. Ra8+ 1-0

[Event "Early-Titled-Tuesday-Blitz-January-16-2024"]
[Site "Chess.com"]
[Date "2024.01.16"]
[Round "5"]
[White "LevonAronian"]
[Black "artin10862"]
[Result "0-1"]
[WhiteElo "3103"]
[BlackElo "2917"]
[TimeControl "180+1"]
[EndTime "8:59:48 PST"]
[Termination "artin10862 won by resignation"]

1. e4 c5 2. Nf3 d6 3. c3 Nf6 4. Be2 g6 5. O-O Bg7 6. d3 O-O 7.
Be3 Nc6 8. Nbd2 e5 9. a3 b6 10. b4 h6 11. h3 Be6 12. b5 Na5 13. c4 Nd7 14. Nb1 f5 15. Nc3 Nf6 16. Qc2 f4 17. Bd2 g5 18. Nd5 Nb7 19. a4 Nxd5 20. cxd5 Bd7 21.
Nh2 Qe8 22. Qd1 Rc8 23. Bh5 Qe7 24. Rc1 Nd8 25. Nf3 Nf7 26. Bc3 Nh8 27. Nd2 Rf6 28.
Nc4 Ng6 29. Rb1 Nh4 30. f3 Rb8 31. Be1 Ng6 32. Rf2 Nf8 33. Ra2 Nh7 34. a5 Rff8 35. axb6 axb6 36. Ra7 Nf6 37. Bg6 Rfc8 38. Bf5 Bf8 39. Qa4 Qe8 40. Bxd7 Nxd7 41. Qa6 h5 42. Kf1 g4 43. hxg4 hxg4 44. Ke2 g3 45. Rxd7 Qxd7 46.
Nxb6 Qh7 47. Rb2 Rc7 48. Ra2 Rcb7 49. Nc4 Rxb5 50. Nxe5 dxe5 51. Qe6+ Qf7 52. Qxe5 Bg7 53. Qg5 Qf6 54. Qg4 Rb2+ 55. Rxb2 Rxb2+ 56. Kf1 Rb8 57. Bd2 Qd4 58. Qe6+ Kf8 59. Qf5+ Ke8 60. Qe6+ Kf8 61. Qf5+ Bf6 62. Ke2 Qf2+ 63. Kd1 Rb1+ 64. Bc1 Qf1+ 0-1

[Event "Early-Titled-Tuesday-Blitz-January-16-2024"]
[Site "Chess.com"]
[Date "2024.01.16"]
[Round "5"]
[White "lefonghua"]
[Black "HamedWafa4"]
[Result "0-1"]
[WhiteElo "2647"]
[BlackElo "2850"]
[TimeControl "180+1"]
[EndTime "8:59:48 PST"]
[Termination "HamedWafa4 won by resignation"]

1. d4 Nf6 2. c4 e6 3. Nc3 Bb4 4. f3 d5 5. a3 Bxc3+ 6. bxc3 O-O 7. cxd5 exd5 8. e3 Bf5 9. Bd3 Bxd3 10. Qxd3 c5 11.
Ne2 Re8 12. O-O Nc6 13. Ng3 h5 14. Bb2 c4 15. Qd2 Qd7 16. Rae1 h4 17. Nh1 Qf5 18.
Nf2 Qg6 19. Re2 Na5 20. Rfe1 Nb3 21. Qd1 Nh5 22. Nh3 f5 23. Qc2 Re6 24. Nf4 Nxf4 25. exf4 Rae8 26. Rxe6 Rxe6 27. Re5 Rxe5 28. fxe5 Qg5 29.
Qf2 Kf7 30. f4 Qg4 31. Qf3 Ke6 32. h3 Qg6 33. Qf2 Qh6 34. a4 Qh5 35. Qf3 Qe8 36.
Qf2 Qh5 37. Qf3 Qh6 38. Qf2 g5 39. fxg5 Qxg5 40. Ba3 b6 41. Kh2 a6 42. Bf8 Nd2 43. Qe1 Ne4 44. Qb1 Qg3+ 45. Kg1 Qe3+ 46. Kh2 Qf4+ 47.
Kg1 Qf2+ 48. Kh2 Kf7 49. Qxb6 Qg3+ 50. Kg1 Kxf8 51. Qd8+ Kg7 52. Qd7+ Kh6 53. Qe6+ Kg5 54.
Qxd5 Kf4 55. e6 Qf2+ 56. Kh1 Qe1+ 57. Kh2 Ng3 58. Qd6+ Ke3 59. Qe5+ Ne4 60. e7 Qg3+ 61. Qxg3+ hxg3+ 62. Kg1 Nd6 63. h4 Kf4 64. Kf1 Kg4 65. Ke2 f4 66. h5 Kxh5 67. Kf3 Kg5 68. d5 Kf5 69. Ke2 Ke4 0-1

[Event "Early-Titled-Tuesday-Blitz-January-16-2024"]
[Site "Chess.com"]
[Date "2024.01.16"]
[Round "5"]
[White "forevery0ung"]
[Black "Fandorine"]
[Result "1-0"]
[WhiteElo "2852"]
[BlackElo "2991"]
[TimeControl "180+1"]
[EndTime "8:59:49 PST"]
[Termination "forevery0ung won on time"]

1. e4 e5 2. Nf3 Nc6 3. Bc4 Nf6 4.
d3 Bc5 5. O-O d6 6. Nc3 h6 7. Be3 Bb6 8. Nd5 O-O 9. h3 Nxd5 10.
Bxd5 Ne7 11. Bb3 Ng6 12. d4 Qf6 13. Kh2 Be6 14. Qd2 Rad8 15. Rad1 Bxb3 16. axb3 d5 17.
exd5 e4 18. Ng1 Rxd5 19. c4 Rd7 20. Qc3 c6 21. Ne2 Nh4 22. d5 Qg6 23. Rg1 Bc7+ 24.
Kh1 cxd5 25. cxd5 Nf5 26. Bf4 Bb6 27. Rgf1 Rfd8 28. Qc4 Nd6 29. Qa4 Ne8 30. Nc3 Nf6 31. d6 Qf5 32. Bg3 a6 33. Qb4 Ba5 34. Qc4 b5 35. Qd4 Bxc3 36. bxc3 Qe6 37. c4 Rc8 38. Rc1 bxc4 39. bxc4 Rc6 40. Rfd1 Nh5 41. Bh2 f5 42. Qd5 Qxd5 43. cxd5 Rxc1 44. Rxc1 f4 45. g4 fxg3 46. fxg3 Nf6 47. g4 Nxd5 48. Rc6 e3 49. Bg3 a5 50.
Kg2 a4 51. Kf3 a3 52. Ra6 e2 53. Kxe2 a2 54. Kd2 Nb4 55. Ra4 Kf7 56. Kc3 Nd5+ 57.
Kd4 Nc7 58. Rxa2 Ne8 59. Kd5 Nf6+ 60. Kc6 Rd8 61. Ra7+ Kg6 62. d7 Kf7 63. Bd6 Kg6 64. Be7 Rxd7 65. Rxd7 Nxd7 66. Kxd7 h5 67. Ke6 hxg4 68.
hxg4 1-0

[Event "Early-Titled-Tuesday-Blitz-January-16-2024"]
[Site "Chess.com"]
[Date "2024.01.16"]
[Round "5"]
[White "rasmussvane"]
[Black "Legendinunknown"]
[Result "1-0"]
[WhiteElo "3011"]
[BlackElo "2806"]
[TimeControl "180+1"]
[EndTime "8:59:49 PST"]
[Termination "rasmussvane won by checkmate"]

1. Nf3 Nf6 2. g3 g6 3. Bg2 Bg7 4. O-O O-O 5. d4 d5 6. c4 c6 7.
Qb3 Qb6 8. Nc3 Be6 9. Na4 Qxb3 10. axb3 Na6 11. Nc3 dxc4 12. bxc4 Bxc4 13. Ne5 Bd5 14.
Nxc6 Bxc6 15. Bxc6 bxc6 16. Rxa6 Rfc8 17. Bf4 Nd5 18.
Nxd5 cxd5 19. e3 h6 20. g4 Rc2 21. b4 Rb2 22. Ra4 g5 23. Bg3 Bf8 24. Rfa1 e6 25.
Rxa7 Rxa7 26. Rxa7 Rxb4 27. Ra8 Rb6 28. Be5 f5 29. h3 Kf7 30. Kg2 Rb7 31. Rc8 Bg7 32. Bxg7 Kxg7 33. gxf5 exf5 34. Rd8 Rb5 35. Rd6 Ra5 36.
Kg3 Rb5 37. h4 Ra5 38. h5 Rb5 39. Rg6+ Kh7 40. Rf6 f4+ 41. exf4 Rb3+ 42. Kg4 Rd3 43. fxg5 hxg5 44. Kxg5 Rxd4 45. f4 Rd1 46. Rf7+ Kg8 47. Rd7 d4 48. f5 d3 49. Kg6 Rg1+ 50. Kf6 Rd1 51. Rd8+ Kh7 52. Kf7 Rd2 53. f6 Rd1 54.
Kf8 d2 55. f7 Kh8 56. Rd5 Kh7 57. Rd6 Re1 58. Rxd2 Re5 59. Rd6 Re4 60. Rd7 Re5 61. Re7 Ra5 62. Re6 Ra7 63. Ke8 Ra8+ 64. Ke7 Ra7+ 65.
Kf6 Ra8 66. Re8 Ra6+ 67. Ke5 Ra5+ 68. Kd4 Rf5 69. f8=Q Rxf8 70. Rxf8 Kh6 71. Rf5 Kg7 72. Ke4 Kh6 73. Kf4 Kg7 74. Kg5 Kh7 75. h6 Kg8 76.
Kg6 Kh8 77. Rf8# 1-0

[Event "Early-Titled-Tuesday-Blitz-January-16-2024"]
[Site "Chess.com"]
[Date "2024.01.16"]
[Round "5"]
[White "Zakaryan_David"]
[Black "Maftuna2303"]
[Result "1/2-1/2"]
[WhiteElo "2653"]
[BlackElo "2351"]
[TimeControl "180+1"]
[EndTime "8:59:49 PST"]
[Termination "Game drawn by repetition"]

1. e4 e5 2. Nf3 Nc6 3. Nc3 Nf6 4. d4 exd4 5. Nxd4 Bb4 6. Nxc6 bxc6 7. Bd3 d5 8. exd5 cxd5 9. O-O O-O 10. h3 c6 11. Qf3 Be7 12. Bf4 Be6 13. Rfe1 c5 14. Rad1 Qb6 15. b3 Rfd8 16. Be5 Rac8 17. Na4 Qc6 18. Bf5 d4 19. Bxe6 Qxf3 20. gxf3 fxe6 21. Bxf6 Bxf6 22. Nb2 Kf7 23. Nc4 Rd5 24. Re4 Rcd8 25. Kf1 Rh5 26. Kg2 Rg5+ 27. Rg4 Rdd5 28. Re1 h5 29.
Rxg5 Rxg5+ 30. Kf1 Rd5 31. Ke2 e5 32. Kd3 Ke6 33. a4 Kf5 34. Rg1 Rd8 35. Nd2 g5 36. Ne4 Kf4 37. Ke2 Kf5 38. Nxc5 Rc8 39. b4 Be7 40.
Ne4 Rxc2+ 41. Kd3 Rb2 42. b5 Rb3+ 43. Kc4 Rxf3 44. Kd5 d3 45. a5 d2 46. Nd6+ Bxd6 47.
Kc4 Rxf2 48. b6 axb6 49. a6 d1=Q 50. Rxd1 Bb8 51. Rd8 Ra2 52. Rxb8 Rxa6 53. Rf8+ Ke4 54. Rg8 Kf4 55. Rf8+ Kg3 56. Rf5 g4 57. Rxh5 gxh3 58. Rg5+ Kh2 59. Rxe5 Ra2 60. Kd3 Rg2 61. Ke3 Kg1 62. Kf3 Rg8 63. Re1+ Kh2 64. Re2+ Rg2 65. Re1 b5 66. Rb1 Rg5 67. Kf4 Rc5 68. Kf3 Rc3+ 69.
Kf2 Rc2+ 70. Kf3 Rc5 71. Rb2+ Kg1 72. Rb1+ Kh2 73. Rb2+ Kg1 74. Rb1+ Kh2 1/2-1/2

[Event "Early-Titled-Tuesday-Blitz-January-16-2024"]
[Site "Chess.com"]
[Date "2024.01.16"]
[Round "5"]
[White "WindWhistler11"]
[Black "hawes33"]
[Result "0-1"]
[WhiteElo "2448"]
[BlackElo "2294"]
[TimeControl "180+1"]
[EndTime "8:59:55 PST"]
[Termination "hawes33 won by resignation"]

1. a3 c5 2. b4 cxb4 3. axb4 Nf6 4. Bb2 e6 5. b5 Be7 6. e3 O-O 7. g4 d5 8. h4 b6 9. g5 Nfd7 10. Bd3 e5 11. f4 e4 12. Be2 Nc5 13. h5 f6 14. gxf6 Bxf6 15. Nc3 Be6 16. Nh3 Bxh3 17. Rxh3 d4 18. Na4 d3 19. cxd3 Nxd3+ 20. Bxd3 Qxd3 21.
Ra3 Qxb5 22. Bxf6 Rxf6 23. Nc3 Qf5 24. Rg3 Nd7 25. Qb3+ Kh8 26. Qd5 Qxd5 27. Nxd5 Rd6 28. Ne7 Nc5 29. Rxg7 Kxg7 30. Nf5+ Kf6 31. Nxd6 Ke6 32.
Nc4 b5 33. Na5 b4 34. Ra1 Nd3+ 35. Kd1 Rg8 36. Kc2 Rc8+ 37. Kb3 Rc5 38. Nc4 Rxh5 39.
Ra6+ Kf5 40. Rxa7 Kg4 41. Re7 Kf3 42. Nd6 Rd5 43. Nxe4 h5 44. Ng5+ Ke2 45. e4 Rd8 46. f5 Kxd2 47. Rh7 Ra8 48. f6 Ra3+ 49. Kc4 Rc3+ 50. Kb5 Rc5+ 51. Ka6 Rxg5 52. f7 Rg6+ 53. Ka5 Rf6 54. e5 Nxe5 55. Kxb4 Nxf7 56. Rxh5 Rf4+ 57.
Kb3 Ke3 58. Rh2 Rf3 59. Rh1 Ne5 60. Kb4 Kf2 61. Kb5 Nd3 62. Rh8 Nf4 63. Rh2+ Kg3 64. Rh8 Re3 65. Rd8 Kf3 66. Kc4 Re4+ 67. Rd4 Re3 68.
Rd1 Ne2 69. Rf1+ Ke4 70. Rf8 Rc3+ 71. Kb5 Rd3 72. Re8+ Kf3 73. Rd8 Rxd8 0-1

[Event "Early-Titled-Tuesday-Blitz-January-16-2024"]
[Site "Chess.com"]
[Date "2024.01.16"]
[Round "5"]
[White "Witik"]
[Black "xakevicius91"]
[Result "1/2-1/2"]
[WhiteElo "2763"]
[BlackElo "2531"]
[TimeControl "180+1"]
[EndTime "8:59:56 PST"]
[Termination "Game drawn by agreement"]

1. d4 Nf6 2. c4 e6 3. Nf3 b6 4. g3 Bb7 5. Bg2 Be7 6. O-O O-O 7. Nc3 Ne4 8. Bd2 Nxd2 9. Qxd2 d6 10. d5 e5 11. e4 Nd7 12. Rab1 a5 13. b3 g6 14. a3 Bc8 15. b4 axb4 16. axb4 Bf6 17.
Ra1 Bb7 18. Qb2 Bg7 19. Rxa8 Qxa8 20. Ra1 Qb8 21. Nb5 h6 22. Bh3 Nf6 23. Nd2 Rd8 24.
Qc2 Ne8 25. c5 bxc5 26. bxc5 Bxd5 27. Rb1 Bc6 28. Nxd6 Qa7 29. Nc8 Qa6 30. Ne7+ Kf8 31. Bf1 Qa4 32. Qxa4 Bxa4 33. Nd5 Bc2 34. Rb2 Bxe4 35.
Nxe4 Rxd5 36. Rb8 Ke7 37. Bb5 Nf6 38. Bc6 Rd4 39. Nxf6 Kxf6 40. Rc8 Rc4 41. Rxc7 Bf8 42. Be8 Bxc5 43. Rxf7+ Ke6 44. Rf3 Rc1+ 45. Kg2 g5 46. Bg6 Ke7 47. Rf7+ Ke6 48. Rf3 Bd4 49. Bf5+ Ke7 50.
h3 Re1 51. Bg6 Re2 52. Bd3 Re1 53. Bg6 e4 54. Rf7+ Ke6 55. Rf8 e3 56. fxe3 Bxe3 57. Rf1 Rxf1 58. Kxf1 Kf6 59. Be4 Bd4 60. Ke2 Be5 61. Kf3 Bd6 62. Bc2 Kg7 63. g4 Bc7 64.
Ke4 Bg3 65. Kf5 Bh4 66. Bb3 Be1 67. Ke6 Bh4 68. Bc2 Bg3 69. Ke7 Bh4 70. Bf5 Bf2 71. Ke8 Kf6 72. Kf8 Ke5 73. Kg7 Kf4 74. Kxh6 Bh4 75.
Kh5 Kg3 76. Bd7 Kxh3 77. Bf5 Kg3 78. Bc8 Kf4 79. Bf5 Ke5 1/2-1/2

[Event "Early-Titled-Tuesday-Blitz-January-16-2024"]
[Site "Chess.com"]
[Date "2024.01.16"]
[Round "5"]
[White "lilleper1"]
[Black "AlbusSevresPotter"]
[Result "0-1"]
[WhiteElo "2934"]
[BlackElo "2582"]
[TimeControl "180+1"]
[EndTime "8:59:57 PST"]
[Termination "AlbusSevresPotter won by resignation"]

1. Nf3 Nf6 2. c4 e6 3. g3 b6 4.
Bg2 Bb7 5. O-O c5 6. Nc3 Be7 7.
Re1 O-O 8. e4 Nc6 9. e5 Ne8 10. d4 Nxd4 11. Nxd4 Bxg2 12. Kxg2 cxd4 13. Qxd4 d6 14. exd6 Bf6 15. Qd3 Qxd6 16. Qf3 Rc8 17. Ne4 Qb4 18. Bd2 Qxb2 19. Rab1 Qxa2 20. Bb4 Qxc4 21. Bxf8 Kxf8 22. Rbc1 Qa6 23. Rxc8 Qxc8 24. Qa3+ Be7 25. Qxa7 Qc6 26. Kg1 Bb4 27. Re3 Nd6 28.
Qb8+ Ke7 29. Ng5 Nf5 30. Qa7+ Kf6 31. Nxh7+ Kg6 32. Rb3 Qc1+ 33. Kg2 Qc6+ 34. Kh3 Bc5 35. g4 Nd4 36. Rg3 Kxh7 37. Qxf7 Qe4 38. Qh5+ Kg8 39. Qe8+ Bf8 40. Re3 Qh7+ 41. Kg2 Qh4 42. h3 Qf6 43.
Qd7 Kh7 44. Rg3 Bc5 45. g5 Qf5 46. g6+ Kh6 47. Qd8 Qe4+ 48. Kh2 Nf3+ 49. Kg2 Nh4+ 50.
Kf1 Qb1+ 51. Ke2 Qc2+ 52. Ke1 Qxf2+ 53. Kd1 Qxg3 54. Qh8+ Kxg6 55. Qd8 Kf5 56. Qe8 Qf3+ 57. Kc2 Qe3 58. Qh5+ Qg5 59. Qh7+ Kf6 60. Qg8 Qf5+ 61. Kb3 Ng6 62. Ka4 Be7 63. Qe8 Qa5+ 64. Kb3 Qb4+ 65. Kc2 Qc4+ 66. Kb2 Ne5 67. Ka1 Qa4+ 68. Kb2 Nc4+ 69.
Kc3 Qxe8 0-1

[Event "Early-Titled-Tuesday-Blitz-January-16-2024"]
[Site "Chess.com"]
[Date "2024.01.16"]
[Round "5"]
[White "Korchmar_Vasiliy"]
[Black "BogdanDeac"]
[Result "1/2-1/2"]
[WhiteElo "2751"]
[BlackElo "3018"]
[TimeControl "180+1"]
[EndTime "8:59:58 PST"]
[Termination "Game drawn by repetition"]

1. e4 c5 2. d4 cxd4 3. Qxd4 Nc6 4. Qd3 g6 5. Nc3 Bg7 6. Nf3 Nf6 7. Be2 O-O 8. O-O d6 9. Nd5 Nd7 10. c3 Nc5 11. Qc2 e6 12. Ne3 Qc7 13. Rd1 Rd8 14. h4 h5 15. Nf1 Nd7 16. Bg5 Nf6 17. Ne3 b6 18. Bf4 Bb7 19. Nc4 Ne8 20. a4 Ne7 21.
Ng5 Qc6 22. Ne3 a6 23. Bf3 Qc7 24. Qe2 Bc6 25. Rd3 Qb7 26. Bxh5 gxh5 27. Qxh5 Nf6 28.
Qxf7+ Kh8 29. Nxe6 Ng6 30. Qxg6 Bxe4 31. Qxg7+ Qxg7 32.
Nxg7 Bxd3 33. Ne6 Rd7 34. Rd1 Re8 35. Ng5 Bg6 36. Rxd6 Rxd6 37. Bxd6 Kg8 38. g3 Ne4 39. Bf4 Rd8 40. Ng4 Rd1+ 41. Kg2 Be8 42. Kf3 Bc6 43.
Ke3 Re1+ 44. Kd4 Rd1+ 45. Ke3 Ra1 46. Ne5 Bb7 47. h5 Re1+ 48. Kd4 Nxf2 49. h6 Be4 50. Nd7 Ng4 51. Nxb6 Bg6 52. c4 Nxh6 53. c5 Nf5+ 54.
Kd5 Be8 55. Nc8 Rd1+ 56. Ke5 Bd7 57. Nd6 Re1+ 58. Kf6 Ne7 59. b4 Nd5+ 60. Kg6 Re2 61. b5 axb5 62. axb5 Ne7+ 63. Kf6 Nd5+ 64. Kg6 Ne7+ 65.
Kf6 Nd5+ 66. Kg6 1/2-1/2

[Event "Early-Titled-Tuesday-Blitz-January-16-2024"]
[Site "Chess.com"]
[Date "2024.01.16"]
[Round "5"]
[White "NastyaHn"]
[Black "FM_VS99"]
[Result "0-1"]
[WhiteElo "2302"]
[BlackElo "2508"]
[TimeControl "180+1"]
[EndTime "8:59:58 PST"]
[Termination "FM_VS99 won by checkmate"]

1. e4 c5 2. Nf3 g6 3. d4 cxd4 4.
Nxd4 Bg7 5. c4 Nc6 6. Be3 Nf6 7. Nc3 O-O 8. Be2 d6 9. O-O Bd7 10. Qd2 Nxd4 11. Bxd4 Bc6 12. Qe3 a5 13. f4 Nd7 14.
Bxg7 Kxg7 15. Rad1 Qb6 16. Qxb6 Nxb6 17. Nd5 Bxd5 18. cxd5 Rfc8 19. Rc1 f5 20. exf5 gxf5 21. Bd3 Kf6 22. Rcd1 Rc5 23. g4 fxg4 24. Bxh7 Nxd5 25.
Rd2 Rac8 26. Be4 Ne3 27. Re1 Rc1 28. Re2 Rxe1+ 29. Rxe1 Nc4 30. b3 Nd2 31. Bxb7 Rc2 32. Bd5 Rxa2 33. Re6+ Kf5 34. Rxe7 Kxf4 35. Rf7+ Ke5 36.
Bg2 Nxb3 37. Rg7 a4 38. Rxg4 Nc5 39. h4 a3 40. h5 Ra1+ 41. Kh2 a2 42. h6 Rh1+ 43.
Kxh1 a1=Q+ 44. Kh2 Kf5 45. Rg3 Qh8 46. Rh3 Ne6 47. h7 Ng5 48. Rh4 Nxh7 49. Be4+ Kg5 50. Rxh7 Qe5+ 51. Kg1 Qxe4 52. Rg7+ Kf6 53. Rg2 d5 54. Kf1 Qb1+ 55. Kf2 Kf5 56. Rg3 Qc2+ 57. Ke1 Kf4 58. Rg1 Kf3 59. Rg8 Qe2# 0-1

[Event "Early-Titled-Tuesday-Blitz-January-16-2024"]
[Site "Chess.com"]
[Date "2024.01.16"]
[Round "5"]
[White "stratacticos"]
[Black "reniite"]
[Result "0-1"]
[WhiteElo "1981"]
[BlackElo "2357"]
[TimeControl "180+1"]
[EndTime "9:00:00 PST"]
[Termination "reniite won on time"]

1. e4 e5 2. Nf3 Nf6 3. Nxe5 d6 4. Nf3 Nxe4 5. d3 Nf6 6. h3 Be7 7. Be2 O-O 8. O-O d5 9. d4 Bd6 10. Ne5 c5 11. c3 Nc6 12. f4 cxd4 13. cxd4 Qb6 14. Nxc6 bxc6 15. Nc3 Re8 16. Kh1 Bd7 17. f5 Rab8 18. b3 Ne4 19. Nxe4 Rxe4 20. Bb2 f6 21. Bf3 Re7 22. Re1 Rbe8 23. Rxe7 Rxe7 24. Qd2 Bxf5 25. Re1 Qd8 26. Re2 Rxe2 27. Qxe2 Qe7 28. Qxe7 Bxe7 29.
g4 Bg6 30. a3 Kf7 31. b4 Ke6 32.
Kg2 f5 33. Kf2 Kd7 34. Bc3 Kc7 35. a4 Kb6 36. Be2 a6 37. Ke3 Bg5+ 38. Kf3 fxg4+ 39. hxg4 Bc2 40. a5+ Kb7 41. Kf2 Be4 42. Kg3 Bf6 43.
Bf1 g6 44. Be2 Bg5 45. Bf1 Be3 46. Be2 Ka7 47. Bf1 Bc2 48. Be2 Ba4 49. Bf3 Bb5 50. Bd1 Kb7 51. Bf3 Bg5 52. Bd1 Kc7 53. Bf3 Kd6 54. Bd1 Ke6 55. Bf3 Bd3 56. Bd1 Kf6 57. Bf3 Be3 58. Bd1 Kg5 59. Bf3 h5 60. gxh5 gxh5 61.
Kh3 Bf5+ 62. Kg3 Bf4+ 63. Kf2 h4 64. Kg2 h3+ 65. Kf2 Kh4 66. Be1 Bg4 67. Kg1+ Kg5 68.
Bh1 Be3+ 69. Bf2 Kf4 70. Bxe3+ Kxe3 71. Kh2 Bd7 72. Kg3 Kxd4 0-1

[Event "Early-Titled-Tuesday-Blitz-January-16-2024"]
[Site "Chess.com"]
[Date "2024.01.16"]
[Round "5"]
[White "Quattroporte300"]
[Black "GrotBchess"]
[Result "1-0"]
[WhiteElo "2471"]
[BlackElo "2290"]
[TimeControl "180+1"]
[EndTime "9:00:03 PST"]
[Termination "Quattroporte300 won by checkmate"]

1. e4 c5 2. Nc3 e6 3. g3 Nc6 4.
Bg2 g6 5. Nge2 Bg7 6. d3 Nge7 7.
f4 d6 8. Be3 Nd4 9. Qd2 Qa5 10.
Bxd4 cxd4 11. Nd1 Qxd2+ 12. Kxd2 e5 13. b3 Nc6 14. Nb2 Be6 15. a4 O-O 16. Nc4 Bxc4 17. bxc4 b6 18. Rhf1 f6 19. f5 g5 20. h4 h6 21. Bf3 Kf7 22. c3 Ke7 23. cxd4 exd4 24. e5 Nxe5 25. Bxa8 Rxa8 26. Nxd4 h5 27. Ne6 Bh6 28.
hxg5 fxg5 29. Ke2 Kf6 30. Nc7 Rc8 31. Nd5+ Kf7 32. Rh1 Re8 33. Rxh5 Bg7 34. f6 Ng4+ 35. Kd2 Nxf6 36. Rf1 Kg6 37. Nxf6 Bxf6 38. Rh2 Be5 39. Re2 Rh8 40. g4 Rh4 41. Rg2 Rh3 42. Rf8 Rh1 43. Ra8 Bf4+ 44. Ke2 Rb1 45. Rxa7 Rb2+ 46. Kf3 Rb3 47.
Ke4 Rb4 48. a5 bxa5 49. Rxa5 Kf6 50. Rb5 Ra4 51. Kd5 Ra3 52. d4 Re3 53. Rb6 Re6 54.
c5 Re8 55. cxd6 Rd8 56. Re2 Rd7 57. Re6+ Kf7 58. Rh6 Kg7 59. Rh1 Kf7 60. Ra1 Kg6 61. Ra8 Kf7 62. Rc8 Kg6 63. Ke6 Rf7 64. d7 Rf6+ 65.
Kd5 Rxb6 66. d8=Q Rb5+ 67. Kc4 Rb7 68. Rc6+ Kh7 69. Qd5 Rg7 70. Re6 Rc7+ 71. Kd3 Rg7 72. Qe4+ Kg8 73. Re8+ Kf7 74. Qe6# 1-0

[Event "Early-Titled-Tuesday-Blitz-January-16-2024"]
[Site "Chess.com"]
[Date "2024.01.16"]
[Round "5"]
[White "MusicCityMaster"]
[Black "hongnhung1234"]
[Result "0-1"]
[WhiteElo "2418"]
[BlackElo "2574"]
[TimeControl "180+1"]
[EndTime "9:00:08 PST"]
[Termination "hongnhung1234 won by resignation"]

1. d4 f5 2. g3 Nf6 3. Bg2 g6 4. Nh3 Bg7 5. Nf4 O-O 6. h4 e6 7. h5 g5 8. h6 Bh8 9. Nh3 g4 10. Nf4 Nc6 11. c4 Qe7 12. Nc3 d6 13. e4 e5 14. Nfd5 Qf7 15. dxe5 Nxe5 16. Qd2 c6 17. Qg5+ Ng6 18. exf5 cxd5 19. Nxd5 Re8+ 20. Be3 Kf8 21. fxg6 Qxg6 22. Qxg6 hxg6 23. Nc7 Bf5 24. Nxa8 Rxa8 25. O-O-O Rd8 26. Bd4 Rc8 27. b3 b5 28. h7 Kf7 29. Bd5+ Ke7 30. Rde1+ Kd7 31. Kb2 bxc4 32. bxc4 Rb8+ 33. Kc3 Nxd5+ 34. cxd5 Rc8+ 35. Kb4 Bxd4 36.
Rc1 Rb8+ 37. Ka5 Bb6+ 38. Ka4 Bd4 39. Rc6 Be4 40. Rh6 Bxd5 41. Rc1 Bc6+ 42. Ka5 Rb5+ 43. Ka6 Rb6+ 44. Ka5 Rb5+ 45. Ka6 Rb8 46. Rxg6 Bb5+ 47.
Ka5 Bb6+ 48. Kxb5 Be3+ 49. Ka6 Bxc1 50. Rg8 Rb6+ 51. Kxa7 Bb2 52. h8=Q Bxh8 53. Rxh8 Rb2 54. Rf8 Rxa2+ 55. Kb6 Rc2 56. Kb5 Ke6 57. Rf4 Ke5 58. Kb4 d5 59. Kb3 Rc1 60. Kb2 Rc4 61. Rf8 Ke4 62.
Rg8 Kf3 63. Rf8+ Ke2 64. Rf5 d4 65. Rf4 Rb4+ 66. Kc2 d3+ 67. Kc3 Rxf4 68. gxf4 d2 69.
Kd4 d1=Q+ 70. Ke5 Kxf2 71. f5 g3 72. f6 Qf3 73. f7 g2 74. Ke6 g1=Q 75. Ke7 Qe1+ 76.
Kf8 Qe6 77. Kg7 Qfxf7+ 0-1